 Dungeon Crawl Stone Soup version 0.26-a0-412-ga3d1f51b80 (webtiles) character file.

Game seed: 16636461844071334848

15393 DarthBeliar the Basher (level 12, 0/77 HPs)
             Began as a Gargoyle Fighter on July 24, 2020.
             Was a Priest of the Shining One.
             Slain by a fire dragon (4 damage)
             ... on level 11 of the Dungeon.
             The game lasted 02:27:49 (14399 turns).

DarthBeliar the Basher (Gargoyle Fighter)          Turns: 14399, Time: 02:27:49

Health: 0/77       AC: 21    Str: 24    XL:     12   Next: 26%
Magic:  12/12      EV:  8    Int: 12    God:    the Shining One [***...]
Gold:   746        SH: 13    Dex: 14    Spells: 11/11 levels left

rFire    + . .     SeeInvis .   f - +6 mace
rCold    . . .     Faith    .   c - +1 kite shield
rNeg     + + .     Spirit   .   r - +0 chain mail
rPois    ∞         Reflect  .   G - +0 helmet
rElec    +         Harm     .   (no cloak)
rCorr    .                      (no gloves)
MR       ++...                  (no boots)
Stlth    ..........             (no amulet)
HPRegen  0.22/turn              b - ring of Alaib {rC+ MR++ Int+3 Dex+4}
MPRegen  0.13/turn              m - ring of fire

@: glowing
A: negative energy resistance 1, electricity resistance, unbreathing,
petrification resistance, rot immunity, AC +8
a: Divine Shield, Renounce Religion


You were on level 11 of the Dungeon.
You worshipped the Shining One.
The Shining One was most pleased with you.
You visited 3 branches of the dungeon, and saw 13 of its levels.

You collected 746 gold pieces.

Inventory:

Hand Weapons
 f - a +6 mace (weapon)
 v - a +2 flail of venom
 E - a +0 scimitar of flaming
Missiles
 g - 272 stones (quivered)
Armour
 c - a +1 kite shield (worn)
 r - a +0 chain mail (worn)
 G - a +0 helmet (worn)
Jewellery
 b - the ring of Alaib (left hand) {rC+ MR++ Int+3 Dex+4}
   (You found it on level 7 of the Dungeon)

   [ring of protection from cold]

   It affects your intelligence (+3).
   It affects your dexterity (+4).
   It protects you from cold.
   It affects your resistance to hostile enchantments.
 m - a ring of fire (right hand)
 y - an uncursed ring of protection from cold
Wands
 l - a wand of random effects (10)
 x - a wand of flame (29)
 D - a wand of digging (6)
Scrolls
 a - a scroll of immolation
 i - 6 scrolls of identify
 n - a scroll of enchant weapon
 q - 5 scrolls of teleportation
 t - 2 scrolls of remove curse
 w - a scroll of fog
 H - 4 scrolls of fear
 I - a scroll of enchant armour
Potions
 d - a potion of might
 e - 2 potions of stabbing
 h - 3 potions of haste
 j - 2 potions of heal wounds
 k - 2 potions of brilliance
 o - a potion of mutation {unknown}
 p - a potion of cancellation {unknown}
 s - a potion of berserk rage {unknown}
 u - a potion of lignification {unknown}
 z - a potion of flight {unknown}
 A - 7 potions of curing
 B - 2 potions of degeneration {unknown}
 C - a potion of magic {unknown}
 J - a potion of ambrosia {unknown}
Miscellaneous
 F - a box of beasts


   Skills:
 + Level 10.3 Fighting
   Level 5.7(8.6) Axes
 * Level 10.7(11.4) Maces & Flails
 + Level 10.2 Armour
 - Level 0.9 Dodging
 + Level 10.2 Shields


You had 11 spell levels left.
You didn't know any spells.
Your spell library contained the following spells:

 Spells                   Type           Power        Failure   Level
 Corona                   Hex            #......      97%         1
 Ensorcelled Hibernation  Hex/Ice        #.....       99%         2
 Poisonous Vapours        Pois/Air       #.....       99%         2
 Confusing Touch          Hex            #.......     100%        3
 Conjure Flame            Conj/Fire      #.......     100%        3
 Dazzling Flash           Conj/Hex       #.....       100%        3
 Mephitic Cloud           Conj/Pois/Air  #.......     100%        3
 Tukima's Dance           Hex            #.......     100%        3
 Freezing Cloud           Conj/Ice/Air   #.........   100%        6


Dungeon Overview and Level Annotations

Branches:
Dungeon (10/15)            Temple (1/1) D:5            Lair (1/6) D:8
    Orc: D:9-12

Altars:
Ashenzari
Cheibriados
Dithmenos
Elyvilon
Fedhas
Gozag
Hepliaklqana
Kikubaaqudgha
Makhleb
Nemelex Xobeh
Okawaru
Qazlal
Ru
Sif Muna
Trog
Uskayaw
Vehumet
Wu Jian
Xom
Yredelemnul
Zin
The Shining One

Shops:
D:4 **   D:9 (

Annotations:
D:10 3 runed translucent doors, rigrig's ghost, journeyman DrIE
Lair:1 exclusion: 2 oklob plants


Innate Abilities, Weirdness & Mutations

You are resistant to torment.
Your stone body is resilient. (AC +8)
You are immune to poison.
You resist negative energy. (rN+)
You are resistant to electric shocks. (rElec)
You can survive without breathing.
You are immune to petrification.
You are immune to rotting.


Message History

You block the glob of lava. The fire dragon breathes flames at you.
The blast of flame hits you!! You resist.
* * * LOW HITPOINT WARNING * * *
The adder bites you but does no damage.
You sock the fire dragon!
The fire dragon is heavily wounded.
The adder bites you but does no damage. You block the fire dragon's attack.
The fire dragon claws you! The Shining One protects you from harm!
You block the fire dragon's attack.
You thump the fire dragon!
The fire dragon is severely wounded.
You block the adder's attack. The lava snake spits lava at you.
You block the glob of lava.
The fire dragon bites you but does no damage.
The fire dragon claws you but does no damage.
The fire dragon tramples you.
You die...

## ##≈§
###≈≈≈≈
##$$≈≈≈§≈
#?$$S≈≈§≈
#.?$$§§≈§
#SD$$≈≈≈§
#@..S§≈≈§
#...§§≈≈≈
≈§.S≈≈≈≈≈
#≈≈§§≈≈..≈
#§§≈≈l....
##≈§......
#.....$..
#.......#
#####
#....


You could see a fire dragon (catching breath), an iguana, 3 lava snakes and an
adder.

Vanquished Creatures
  A hydra (Lair:1)
  Erica (Lair:1)
  2 two-headed ogres
  7 death yaks (D:7)
  A black mamba (Lair:1)
  2 hornets
  Grinder (D:3)
  4 hippogriffs
  A wraith (D:10)
  6 yaks (D:11)
  2 water moccasins
  2 sky beasts
  3 black bears
  4 phantoms
  8 ogres
  4 orc warriors
  2 ice beasts
  5 centaurs
  A crocodile (Lair:1)
  6 big kobolds
  5 bullfrogs
  A wyvern zombie (D:8)
  6 scorpions
  A wyvern skeleton (D:9)
  5 killer bees (D:8)
  A water moccasin skeleton (D:8)
  3 wights (D:9)
  A howler monkey (D:7)
  2 electric eels (Lair:1)
  4 hounds
  A human zombie (D:5)
  A centaur skeleton (D:8)
  9 orc priests
  8 orc wizards
  A bullfrog skeleton (D:7)
  Ijyb (D:3)
  2 human skeletons (D:5)
  Jessica (D:2)
  3 iguanas
  Natasha (thrice) (D:2)
  8 worker ants
  A hound zombie (D:7)
  A hound skeleton (D:9)
  A worker ant zombie (D:5)
  3 gnolls
  9 adders
  2 shadow imps
  4 white imps
  An adder zombie (D:5)
  An adder skeleton (D:9)
  A worm (D:3)
  3 dart slugs
  26 orcs
  11 bats
  6 giant cockroaches
  8 goblins
  8 hobgoblins
  11 jackals
  35 kobolds
  3 quokkas
  A ball python (D:3)
  4 frilled lizards
  A jackal skeleton (D:9)
  2 orc skeletons (D:5)
  An orc zombie (D:5)
  2 quokka zombies
  6 rats
  A fungus (Lair:1)
  A plant (Lair:1)
284 creatures vanquished.

Notes
Turn   | Place    | Note
-------+----------+-------------------------------------------
     0 | D:1      | DarthBeliar the Gargoyle Fighter began the quest for the
                  | Orb.
     0 | D:1      | Reached XP level 1. HP: 14/14 MP: 1/1
   435 | D:1      | Reached XP level 2. HP: 14/19 MP: 2/2
  1031 | D:1      | Reached XP level 3. HP: 23/23 MP: 3/3
  1264 | D:2      | Reached XP level 4. HP: 28/28 MP: 4/4
  1279 | D:2      | Found a burning altar of Makhleb.
  1279 | D:2      | Noticed Jessica
  1286 | D:2      | Killed Jessica
  1389 | D:2      | Found a glowing silver altar of Zin.
  1390 | D:2      | Noticed an angel
  1667 | D:1      | Reached XP level 5. HP: 30/33 MP: 5/5
  1778 | D:2      | Noticed Natasha
  1793 | D:2      | Killed Natasha
  1904 | D:2      | Noticed Natasha
  1937 | D:2      | Killed Natasha
  2159 | D:2      | Found a white marble altar of Elyvilon.
  2185 | D:2      | Noticed Natasha
  2201 | D:2      | Killed Natasha
  2603 | D:3      | Reached XP level 6. HP: 34/38 MP: 6/6
  2793 | D:3      | Noticed Ijyb
  2804 | D:3      | Killed Ijyb
  2820 | D:3      | Noticed Grinder
  2837 | D:3      | Paralysed by Grinder for 6 turns
  2859 | D:3      | Killed Grinder
  2859 | D:3      | Reached XP level 7. HP: 18/44 MP: 7/7
  3223 | D:3      | Reached skill level 5 in Shields
  3594 | D:3      | Reached skill level 5 in Armour
  4020 | D:4      | Found Ruoleg's General Store.
  4389 | D:4      | Reached skill level 5 in Axes
  4407 | D:4      | Reached skill level 5 in Fighting
  4429 | D:4      | Found Aawneg's Alliterative Accessories.
  4490 | D:4      | Found a snail-covered altar of Cheibriados.
  4491 | D:4      | Found a shattered altar of Ashenzari.
  4551 | D:5      | Entered Level 5 of the Dungeon
  5090 | D:5      | Found a hazy altar of Hepliaklqana.
  5156 | D:5      | Found a staircase to the Ecumenical Temple.
  5163 | D:5      | Reached XP level 8. HP: 47/49 MP: 8/8
  5799 | D:6      | Reached skill level 1 in Maces & Flails
  6238 | Temple   | Entered the Ecumenical Temple
  6605 | Temple   | Became a worshipper of the Shining One
  6722 | D:7      | Reached XP level 9. HP: 50/56 MP: 9/9
  7700 | D:7      | Got a crude silver ring
  7701 | D:7      | Identified the ring of Alaib {rC+ MR++ Int+3 Dex+4} (You
                  | found it on level 7 of the Dungeon)
  8039 | D:7      | Found a blossoming altar of Fedhas.
  8420 | D:8      | Noticed a two-headed ogre
  8429 | D:8      | Reached skill level 5 in Maces & Flails
  8554 | D:8      | Reached * piety under the Shining One
  8674 | D:8      | Reached XP level 10. HP: 63/63 MP: 10/10
  8932 | D:8      | Killed a two-headed ogre
  9288 | D:8      | Noticed a death yak
  9292 | D:8      | Noticed a death yak
  9292 | D:8      | Noticed a death yak
  9294 | D:8      | Noticed a death yak
  9381 | D:7      | Killed a death yak
  9724 | D:7      | Killed a death yak
 10323 | D:7      | Killed a death yak
 10323 | D:7      | Reached XP level 11. HP: 42/69 MP: 11/11
 10464 | D:8      | Noticed a death yak
 10472 | D:8      | Noticed a death yak
 10489 | D:7      | Killed a death yak
 10501 | D:8      | Noticed a death yak
 10564 | D:7      | Killed a death yak
 10789 | D:7      | Killed a death yak
 11008 | D:7      | Killed a death yak
 11213 | D:8      | Found a staircase to the Lair.
 11453 | Lair:1   | Entered Level 1 of the Lair of Beasts
 11485 | Lair:1   | Noticed Erica
 11496 | Lair:1   | Killed Erica
 11780 | Lair:1   | Noticed a seven-headed hydra
 11843 | Lair:1   | Killed a seven-headed hydra
 12414 | Lair:1   | Noticed an oklob plant
 12468 | Lair:1   | Noticed an oklob plant
 12912 | D:9      | Found a radiant altar of Vehumet.
 12912 | D:9      | Found a sacrificial altar of Ru.
 12912 | D:9      | Found an iron altar of Okawaru.
 12932 | D:9      | Found Nisaunov's Weapon Boutique.
 12954 | D:9      | Reached ** piety under the Shining One
 13099 | D:9      | Noticed a two-headed ogre
 13110 | D:9      | Killed a two-headed ogre
 13110 | D:9      | Reached skill level 10 in Maces & Flails
 13343 | D:9      | Reached skill level 10 in Fighting
 13353 | D:9      | Got a slimy whip
 13552 | D:9      | Reached XP level 12. HP: 75/77 MP: 12/12
 13608 | D:10     | Entered Level 10 of the Dungeon
 13841 | D:10     | Reached skill level 10 in Armour
 13913 | D:10     | Reached skill level 10 in Shields
 13996 | D:10     | Reached *** piety under the Shining One
 14131 | D:10     | Found a runed translucent gate.
 14132 | D:10     | Found a runed translucent gate.
 14132 | D:10     | Found a runed translucent gate.
 14133 | D:10     | Noticed rigrig's ghost (journeyman DrIE)
 14229 | D:10     | You fall into a shaft and drop 1 floor!
 14366 | D:11     | Noticed a two-headed ogre
 14390 | D:11     | Noticed a fire dragon
 14397 | D:11     | HP: 3/77 [fire dragon/blast of flame (27)]
 14398 | D:11     | The Shining One protects you from harm!
 14399 | D:11     | Slain by a fire dragon

Illustrated notes

Levels and vault maps discovered:
D:1:      dpeg_arrival_simpleton_b, layout_loops_ring
D:2:      layout_rooms, zin_angel, old_standard_altar, lightli_temple_of_fire,
          uniq_jessica, uniq_natasha
D:3:      layout_loops_corners, uniq_ijyb, uniq_grinder
D:4:      layout_gridville, gammafunk_temple_overflow_pools, serial_shops, shop,
          nicolae_alphabet_shops
D:5:      layout_basic, lemuel_crystal_altar, minmay_temple_entry_proselytizer,
          nicolae_ossuary_entry_catacombs, hangedman_abyss_or_decor_slice
D:6:      layout_rooms, minmay_misc_feat_pillars, hangedman_decor_slide_cut,
          hex_tiny
D:7:      layout_gridville, old_standard_altar, kennysheep_generic_room_13
D:8:      layout_loops_ring, dpeg_lair_monsters
D:9:      layout_roguey, grunt_temple_overflow_open, serial_shops, shop
D:10:     layout_roguey [special_room_orc], gammafunk_ghost_spectres
D:11:     dragon1_lemuel, layout_loops_ring,
          kennysheep_orc_monster_closet_entryway
Temple:   minmay_temple_forest_path
Lair:1:   dpeg_oklob_gauntlet, layout_chaotic_city, serial_bayou_shore_a,
          uniq_erica

Skill      XL: |  1  2  3  4  5  6  7  8  9 10 11 12 |
---------------+-------------------------------------+-----
Axes           | 2 3 4 5 |  5.7
Shields        | 4 5 6 7 8 9 10 | 10.2
Armour         | 4 5 6 7 8 9 10 | 10.2
Fighting       | 4 5 6 7 8 10 | 10.3
Maces & Flails | 2 5 8 10 | 10.7
Dodging        | |  0.9

Action                   |  1- 3 |  4- 6 |  7- 9 | 10-12 || total
-------------------------+-------+-------+-------+-------++-------
Melee: War axe           |    87 |   167 |    49 |       ||   303
       Flail             |       |       |   382 |   286 ||   668
       Mace              |       |       |       |   169 ||   169
Throw: Stone             |     9 |       |       |     1 ||    10
Evoke: Wand              |       |       |       |     8 ||     8
  Use: Scroll            |     1 |     2 |     4 |    12 ||    19
       Potion            |       |       |       |     2 ||     2
Armor: Scale mail        |    49 |    58 |   230 |       ||   337
       Chain mail        |       |    43 |       |   174 ||   217
Dodge: Dodged            |    28 |    44 |   134 |    88 ||   294
Block: Kite shield       |    48 |    81 |   279 |   258 ||   666

Table legend: (Time is in decaauts)
 A = Elapsed time spent in this place.
 B = Non-inter-level travel time spent in this place.
 C = Inter-level travel time spent in this place.
 D = Time resting spent in this place.
 E = Time spent auto-exploring this place.
 F = Levels seen in this place.
 G = Mean time per level.
                   A        B        C        D        E       F      G
               +--------+--------+--------+--------+--------+-----+--------+
         Total |  14631 |  14184 |    447 |   3605 |   5991 |  13 | 1125.5 |
       Dungeon |  12780 |  12392 |    388 |   3296 |   4879 |  11 | 1161.8 |
        Temple |    393 |    367 |     26 |      0 |    312 |   1 |  393.0 |
          Lair |   1456 |   1423 |     33 |    309 |    799 |   1 | 1456.0 |
               +--------+--------+--------+--------+--------+-----+--------+

Top non-repeatable levels by time:
     D:7: 3136 daAuts
     D:3: 1535 daAuts
  Lair:1: 1456 daAuts
     D:1: 1377 daAuts
     D:8: 1284 daAuts
     D:2: 1102 daAuts
     D:5: 1007 daAuts
     D:6: 958 daAuts
     D:4: 911 daAuts
     D:9: 787 daAuts
    D:10: 517 daAuts
  Temple: 393 daAuts
    D:11: 162 daAuts
